 Dungeon Crawl Stone Soup version 0.24-a0-235-g3f03afc (webtiles) character file.

Game seed: 12227753835330865713

1918 Azzok the Digger (level 9, -11/51 HPs)
             Began as an Octopode Earth Elementalist on Apr 6, 2019.
             Was a Believer of Vehumet.
             Mangled by a komodo dragon (34 damage)
             ... on level 8 of the Dungeon.
             The game lasted 00:12:39 (8647 turns).

Azzok the Digger (Octopode Earth Elementalist)      Turns: 8647, Time: 00:12:40

Health: -11/51     AC:  1    Str:  8    XL:     9   Next: 16%
Magic:  7/17       EV: 13    Int: 20    God:    Vehumet [**....]
Gold:   280        SH:  0    Dex: 12    Spells: 6/19 levels left

rFire    . . .     SeeInvis .   h - +0 mace (drain)
rCold    + . .     Gourm    .   (no shield)
rNeg     . . .     Faith    .   (helmet restricted)
rPois    +         Spirit   .   a - amulet of magic regeneration
rElec    .         Reflect  .   o - ring of poison resistance
rCorr    .         Harm     .   B - ring of protection from cold
MR       .....                  (no ring)
Stlth    +++.......             (no ring)
HPRegen  0.17/turn              (no ring)
MPRegen  0.40/turn              (no ring)
                                (no ring)
                                (no ring)

@: no status effects
A: almost no armour, stealthy swim, amphibious, 8 rings, constrict 8, camouflage
1, gelatinous body 1
a: Renounce Religion


You were on level 8 of the Dungeon.
You worshipped Vehumet.
Vehumet was pleased with you.
You were hungry.

You visited 2 branches of the dungeon, and saw 9 of its levels.
You also visited: Sewer.

You collected 280 gold pieces.

Inventory:

Hand Weapons
 h - a +0 mace of draining (weapon)
Missiles
 b - 198 stones (quivered)
Armour
 v - the +2 shield of Resistance {rF+ rC+ MR+}
   (You took it off an orc on level 4 of the Dungeon)

   It protects you from fire.
   It protects you from cold.
   It affects your resistance to hostile enchantments.
Jewellery
 a - an amulet of magic regeneration (around mantle)
 o - a ring of poison resistance (left tentacle)
 B - a ring of protection from cold (right tentacle)
 D - a cursed amulet of inaccuracy {unknown}
Wands
 t - a wand of iceblast (8)
 C - a wand of flame (13)
Scrolls
 d - a scroll of identify
 e - 4 scrolls of amnesia
 f - 2 scrolls of fog {unknown}
 g - 3 scrolls of enchant weapon {unknown}
 k - a scroll of enchant armour {unknown}
 l - 2 scrolls of immolation {unknown}
 p - 4 scrolls of teleportation {unknown}
 s - 2 scrolls of remove curse
 x - a scroll of blinking {unknown}
 y - 2 scrolls of fear
 z - a scroll of magic mapping
 A - 3 scrolls of random uselessness {unknown}
Potions
 i - a potion of mutation {!q}
 j - 2 potions of haste
 m - 2 potions of brilliance
 n - 2 potions of lignification
 q - 5 potions of curing
 r - 2 potions of berserk rage
 u - 2 potions of agility
 w - 4 potions of heal wounds
 E - 2 potions of resistance {unknown}
Comestibles
 c - 11 rations


   Skills:
 - Level 2.0 Dodging
 - Level 2.6 Stealth
 + Level 4.5 Shields
 + Level 5.8 Spellcasting
 + Level 5.5 Conjurations
 - Level 1.0 Transmutations
 + Level 6.8 Earth Magic
 - Level 2.4 Evocations


You had 6 spell levels left.
You knew the following spells:

 Your Spells              Type           Power        Failure   Level  Hunger
a - Sandblast             Erth           ####..       1%          1    None
b - Stone Arrow           Conj/Erth      ####..       2%          3    ##.....
c - Petrify               Tmut/Erth      ###.....     22%         4    ####...
d - Lee's Rapid Deconstr  Erth           ####......   19%         5    #####..

Your spell library contained the following spells:

 Spells                   Type           Power        Failure   Level  Hunger
 Throw Flame              Conj/Fire      ###...       5%          2    None
 Passwall                 Tmut/Erth      ###.....     3%          2    None
 Confusing Touch          Hex            #.....       11%         1    None
 Corona                   Hex            #......      11%         1    None
 Slow                     Hex            #.......     16%         2    None
 Leda's Liquefaction      Hex/Erth       ###.......   26%         4    ####...
 Confuse                  Hex            #.......     32%         3    ##.....
 Gell's Gravitas          Tloc           #.........   32%         3    ##.....
 Inner Flame              Hex/Fire       #.......     32%         3    ##.....
 Portal Projectile        Hex/Tloc       #.....       32%         3    ##.....
 Cause Fear               Hex            #.........   71%         4    ####...
 Yara's Violent Unravell  Hex/Tmut       #.........   94%         5    #####..
 Metabolic Englaciation   Hex/Ice        #.........   96%         5    #####..


Dungeon Overview and Level Annotations

Branches:
Dungeon (8/15)             Temple (1/1) D:4
   Lair: D:8-11

Altars:
Ashenzari
Dithmenos
Elyvilon
Fedhas
Gozag
Hepliaklqana
Kikubaaqudgha
Nemelex Xobeh
Okawaru
Qazlal
Ru
Sif Muna
Trog
Vehumet
Wu Jian
Xom
Yredelemnul
Zin
The Shining One
Lugonu

Shops:
D:4 [


Innate Abilities, Weirdness & Mutations

You cannot wear most types of armour.
You are very stealthy in the water. (Stealth+)
You are amphibious.
You can wear up to eight rings at the same time.
You can use your tentacles to constrict eight enemies at once.
Your skin changes colour to match your surroundings (Stealth+).
Your rubbery body absorbs attacks. (AC +1, EV +1)


Message History

Unknown command.
Casting: Sandblast (safe; 1% risk of failure)
Confirm with . or Enter, or press ? or * to list all spells.
Aiming: Stone Arrow (safe; 2% risk of failure)
Press: ? - help, Shift-Dir - straight line, f/p - komodo dragon
Aim: a komodo dragon (lightly wounded)
The stone arrow hits the komodo dragon!!
The komodo dragon is heavily wounded.
The komodo dragon bites you!!
Ouch! That really hurt!
Casting: Stone Arrow (safe; 2% risk of failure)
Confirm with . or Enter, or press ? or * to list all spells.
Aiming: Stone Arrow (safe; 2% risk of failure)
Press: ? - help, Shift-Dir - straight line, f/p - komodo dragon
Aim: a komodo dragon (heavily wounded)
The stone arrow hits the komodo dragon!
The komodo dragon is almost dead.
The komodo dragon bites you!!
Ouch! That really hurt!
You die... ·PPPP▒ ··PPP

···P ▒▒▒▒▒▒ ▒▒···
····▒▒ ▒·)· · ····▒
▒··▒ · ···▒▒ ▒l·▒
·▒▒ ▒···▒ ▒@·▒ ··▒▒
▒▒···▒ ▒··▒
···▒▒▒▒▒··(·▒ ▒▒··▒
····▒▒······▒▒▒···▒
▒·······(····▒····▒
▒······(··········▒
▒····(············▒
······▒···········▒
·(··▒▒▒▒▒▒▒▒(·····▒


You could see a komodo dragon.

Vanquished Creatures
  Sigmund (D:6)
  An ice beast (D:6)
  A phantom (Temple)
  2 ogres
  A centaur (D:7)
  A big kobold (D:8)
  A bullfrog (D:7)
  A wyvern zombie (D:4)
  5 wights (D:6)
  2 howler monkeys
  2 crimson imps (D:5)
  A bullfrog skeleton (D:7)
  3 hounds
  2 jellies
  4 orc wizards
  2 orc priests (D:6)
  An iguana (D:5)
  4 worker ants
  A hound skeleton (D:4)
  2 worker ant zombies (D:6)
  10 adders
  5 river rats
  3 adder skeletons
  4 worms
  A dart slug (D:3)
  2 leopard geckos
  19 orcs
  5 giant cockroaches
  10 goblins
  6 hobgoblins
  10 jackals (D:5)
  11 kobolds
  2 quokkas
  4 ball pythons
  6 bats
  12 frilled lizards
  A jackal skeleton (D:5)
  A leopard gecko skeleton (D:6)
  3 quokka skeletons
  15 rats
168 creatures vanquished.

Vanquished Creatures (others)
  A plant (D:8)
1 creature vanquished.

Grand Total: 169 creatures vanquished

Notes
Turn   | Place    | Note
-------+----------+-------------------------------------------
     0 | D:1      | Azzok the Octopode Earth Elementalist began the quest for
                  | the Orb.
     0 | D:1      | Reached XP level 1. HP: 11/11 MP: 3/3
   214 | D:1      | Reached XP level 2. HP: 12/17 MP: 5/5
  1036 | D:2      | Reached XP level 3. HP: 13/21 MP: 6/6
  1041 | D:2      | Learned a level 3 spell: Stone Arrow
  1534 | D:2      | Reached skill level 1 in Conjurations
  1534 | D:2      | Reached XP level 4. HP: 20/27 MP: 3/8
  2316 | D:2      | Reached skill level 4 in Earth Magic
  2517 | D:3      | Found a hazy altar of Hepliaklqana.
  2518 | D:3      | Found a basalt altar of Yredelemnul.
  2519 | D:3      | Found an ornate altar of the Wu Jian Council.
  2539 | D:3      | Found a white marble altar of Elyvilon.
  3206 | D:3      | Found a shadowy altar of Dithmenos.
  3213 | D:3      | Found an ancient bone altar of Kikubaaqudgha.
  3322 | D:4      | Reached skill level 1 in Evocations
  3322 | D:4      | Reached XP level 5. HP: 12/31 MP: 4/10
  3579 | D:4      | Found a staircase to the Ecumenical Temple.
  3579 | D:4      | Noticed a phantom
  3585 | Temple   | Entered the Ecumenical Temple
  3644 | Temple   | Became a worshipper of Vehumet
  3679 | Temple   | Reached XP level 6. HP: 31/36 MP: 6/11
  3888 | Temple   | Killed a phantom
  4131 | D:4      | Learned a level 4 spell: Petrify
  4302 | D:4      | Found Entopry's Armour Boutique.
  4335 | D:4      | Found a sacrificial altar of Ru.
  4338 | D:4      | Found an iron altar of Okawaru.
  4417 | D:4      | Reached XP level 7. HP: 35/41 MP: 2/13
  4466 | D:5      | Entered Level 5 of the Dungeon
  4582 | D:5      | Reached skill level 1 in Shields
  4582 | D:5      | Reached skill level 5 in Earth Magic
  4647 | D:5      | Found an ancient bone altar of Kikubaaqudgha.
  4741 | D:5      | Reached * piety under Vehumet
  4741 | D:5      | Offered knowledge of Flame Tongue by Vehumet.
  4808 | D:5      | Found an opulent altar of Gozag.
  4927 | D:5      | Found a glowing drain.
  4933 | Sewer    | Entered a sewer
  5186 | Sewer    | Reached ** piety under Vehumet
  5313 | Sewer    | Offered knowledge of Freeze by Vehumet.
  6044 | D:5      | Learned a level 5 spell: Lee's Rapid Deconstruction
  6091 | D:6      | Reached XP level 8. HP: 39/46 MP: 5/14
  6244 | D:6      | Noticed Sigmund
  6249 | D:6      | Killed Sigmund
  6340 | D:6      | Reached skill level 5 in Spellcasting
  6476 | D:6      | Reached skill level 6 in Earth Magic
  6891 | D:6      | Offered knowledge of Throw Flame by Vehumet.
  7502 | D:7      | Reached skill level 5 in Conjurations
  7738 | D:7      | Reached XP level 9. HP: 51/51 MP: 7/17
  8114 | D:7      | Found a bloodstained altar of Trog.
  8642 | D:8      | Noticed a komodo dragon
  8647 | D:8      | Mangled by a komodo dragon

Levels and vault maps discovered:
D:1:      dpeg_arrival_boxorama, layout_basic, fountainhead
D:2:      layout_loops_ring, minmay_fractal_squares_5
D:3:      layout_loops_ring, elyvilon_altar_3, amethyst_overflow_temple_binary,
          chequers_temple_overflow_statue_of_worship
D:4:      layout_rooms, minitemple, minmay_temple_entry_waves, serial_shops,
          nicolae_shop_trees, first_ration
D:5:      layout_basic, nicolae_overflow_crystal_walls, portal_sewer_entry_e,
          basic_altar
D:6:      layout_basic, uniq_sigmund
D:7:      layout_loops_corners, kennysheep_little_box
D:8:      layout_layer_cave, david_lair_shrubbed, serial_shops, shop_fountains,
          the_bakery, st_stairs_7
Temple:   corrupted_temple
Sewer:    sewer_co_cracked_pipes

Skill      XL: |  1  2  3  4  5  6  7  8 |
---------------+-------------------------+-----
Spellcasting   | 3 4 5 |  5.8
Conjurations   | 1 2 3 4 5 |  5.5
Earth Magic    | 4 5 6 |  6.8
Evocations     | 1 2 |  2.4
Shields        | 2 4 |  4.5
Dodging        | |  2.0
Stealth        | |  2.6
Transmutations | |  1.0

Action                   |  1- 3 |  4- 6 |  7- 9 || total
-------------------------+-------+-------+-------++-------
Melee: Short sword       |    46 |    56 |     5 ||   107
       Constrict         |    13 |    17 |     2 ||    32
       Unarmed           |     3 |       |       ||     3
       Tentacles         |     9 |    10 |     2 ||    21
       Mace              |       |       |     3 ||     3
 Cast: Sandblast         |     5 |    39 |    57 ||   101
       Stone Arrow       |     3 |    22 |   118 ||   143
  Use: Scroll            |       |       |    14 ||    14
 Stab: Sleeping          |     6 |     4 |     2 ||    12
  Eat: Chunk             |     2 |     8 |    15 ||    25
       Ration            |       |     1 |     1 ||     2
Armor: Skin              |     1 |     7 |     1 ||     9
Dodge: Dodged            |    33 |    61 |    33 ||   127

Table legend:
 A = Non-vault XP
 B = Vault XP
 C = Vault XP percentage of total XP
 D = Non-vault monster count
 E = Vault monster count
 F = Vault count percentage of total count
                 A         B        C        D         E       F
            +---------+---------+-------+---------+---------+-------
      Total |    2385 |     356 |  13.0 |     130 |      38 |  22.6
            +---------+---------+-------+---------+---------+-------
        D:1 |      26 |       0 |   0.0 |      17 |       0 |   0.0
        D:2 |      70 |      17 |  19.5 |      13 |       8 |  38.1
        D:3 |      31 |       0 |   0.0 |      12 |       0 |   0.0
        D:4 |     304 |       0 |   0.0 |      15 |       0 |   0.0
        D:5 |     422 |      38 |   8.3 |      25 |       8 |  24.2
        D:6 |     667 |     220 |  24.8 |      23 |       1 |   4.2
        D:7 |     543 |       0 |   0.0 |      13 |       0 |   0.0
        D:8 |     150 |       0 |   0.0 |       8 |       0 |   0.0
     Temple |     172 |       0 |   0.0 |       4 |       0 |   0.0
      Sewer |       0 |      81 | 100.0 |       0 |      21 | 100.0
            +---------+---------+-------+---------+---------+-------
